[Event "2nd European Youth GP 2017"]
[Site "Jermuk"]
[Date "2017.10.13"]
[Round "9"]
[White "Kaasen, Tor Fredrik"]
[Black "Pultinevicius, Paulius"]
[Result "1/2-1/2"]
[ECO "A34"]
[WhiteElo "2371"]
[BlackElo "2387"]
[Annotator "NA"]
[PlyCount "110"]
[EventDate "2017.??.??"]
[EventType "tourn"]
[EventCountry "ARM"]
[SourceTitle "playchess.com"]
[Source "ChessBase"]
[SourceQuality "1"]
[TimeControl "5400+30"]

1. c4 Nf6 2. Nf3 c5 3. Nc3 d5 4. cxd5 Nxd5 5. g3 Nc6 6. Bg2 Nc7 7. O-O e5 8. d3 Be7 9. Bd2 (9. Nd2 $14) 9... O-O 10. Rc1 {[%emt 0:00:24] LiveBook: 14 Games} Rb8 {[%emt 0:10:04] A34: Symmetrical English: 2 Nc3, lines with ...d5} 11. a3 Ne6 (11... b6 12. b4 cxb4 13. axb4 Bb7 14. Qa4 a6 15. b5 axb5 16. Nxb5 {½-½ (52) Bu,X (2710)-Zhou,J (2597) Huocheng County 2017}) 12. Ne1 Re8 $146 ({Predecessor:} 12... Bd7 13. Nd5 Bd6 14. b4 cxb4 15. axb4 Ncd4 16. e3 Nf5 17. Bc3 Ne7 18. d4 Nxd5 19. Bxd5 exd4 20. exd4 {0-1 (36) Pascual Perdiguero,J-Blanco Sanjuan,J (2165) Madrid 1998}) 13. Nc2 Ned4 14. Ne3 Bf8 15. Ned5 Bg4 16. h3 Be6 17. Rb1 Qd7 18. Kh2 b5 19. e3 ({Better is} 19. b4 $1 $15) 19... b4 20. exd4 bxc3 21. Nxc3 Bb3 $17 22. Qh5 Nxd4 23. Rbe1 f6 24. f4 Bf7 25. Qh4 Rxb2 26. Ne4 f5 27. Bc3 Rc2 28. Bxd4 exd4 29. Ng5 Bg6 30. Kg1 h6 31. Nf3 Be7 32. Rxe7 Qxe7 33. Qxe7 Rxe7 34. Ne5 Kh7 35. Rb1 Ra2 36. Rb5 Rxa3 37. Rxc5 Ra1+ 38. Kh2 a5 39. Bd5 a4 40. Rc8 Be8 41. g4 fxg4 42. hxg4 g5 43. Be4+ Kg7 44. Nf3 gxf4 45. Nxd4 Bd7 46. Rc7 Kf6 47. Ra7 a3 48. Ra6+ Kg7 49. Rg6+ Kf8 50. Rxh6 a2 51. Rh8+ Kg7 52. Rh7+ Kf8 53. Rh8+ Kg7 54. Rh7+ Kf6 55. Rh6+ Kg7 1/2-1/2

[Event "2nd European Youth GP 2017"]
[Site "Jermuk"]
[Date "2017.10.13"]
[Round "9"]
[White "Zarubitski, Viachaslau"]
[Black "Gharibyan, Mamikon"]
[Result "1-0"]
[ECO "C15"]
[WhiteElo "2311"]
[BlackElo "2346"]
[Annotator "NA"]
[PlyCount "191"]
[EventDate "2017.??.??"]
[EventType "tourn"]
[EventCountry "ARM"]
[SourceTitle "playchess.com"]
[Source "ChessBase"]
[SourceQuality "1"]
[TimeControl "5400+30"]

1. e4 e6 2. d4 d5 3. Nc3 Bb4 4. exd5 exd5 5. Bd3 Nc6 6. a3 Bxc3+ 7. bxc3 Nge7 8. Qf3 Be6 9. Ne2 Qd7 10. O-O O-O $1 11. Ng3 {[%emt 0:06:18] LiveBook: 5 Games C01: French: Exchange Variation} Ng6 (11... Bg4 12. Qf4 Ng6 13. Qd2 Nge7 14. h3 Be6 15. Qg5 f6 16. Qh5 g6 17. Qf3 Kg7 18. Re1 Rfe8 {1-0 (51) Vedder,H (2365)-Carstensen,J (2352) Skopje 2015}) 12. h3 Rfe8 13. Qh5 $146 ({Predecessor:} 13. Nh5 Qd6 14. Bg5 Qf8 {1-0 (26) Whatley,S (2127)-Broekman,W (1997) Caleta 2017}) 13... Nf8 14. a4 f6 15. Qf3 Qf7 16. Ne2 Ng6 17. Qg3 Qd7 18. Nf4 Nxf4 19. Bxf4 Rac8 20. Rfe1 Na5 21. Re2 Bf5 22. Rxe8+ Rxe8 23. Bxc7 Nc4 24. Bf4 b6 25. Qf3 Be4 26. Qh5 Qf7 27. Qxf7+ Kxf7 28. Kf1 g5 29. Bc1 Ke6 30. f3 Bg6 31. Kf2 Kd7 $14 32. Rb1 Rc8 33. Rb5 Nd6 34. Rb3 Nc4 35. g3 Na5 36. Ra3 Nc4 37. Ra2 Na5 38. Bd2 Nc4 39. Be1 Kc6 40. h4 gxh4 41. gxh4 Re8 42. Bxc4 dxc4 43. Bd2 Rd8 44. Rb2 a5 45. Be3 Rd5 46. Ke2 Bh5 47. Kf2 Bg6 48. Ke1 Bh5 49. f4 Be8 50. Kd2 Kc7 51. Ra2 Bc6 52. Ra1 Rd7 53. Kc1 Re7 54. Kd2 f5 55. Bf2 Rg7 56. Ra2 Rg2 57. Ke1 Rh2 58. Ke2 Rg2 59. Ra1 Be4 60. Ra2 Rh2 61. Rb2 Bc6 62. Ra2 Rh3 63. Kd2 Rf3 64. Be3 Rg3 65. Bf2 Rh3 66. Ra1 Rh2 67. Ke2 Be4 68. Ra2 Rh1 69. Rb2 Bd5 70. Be1 Kc6 71. Rb1 h5 72. Rb5 Rg1 73. Rb2 Rh1 74. Rb5 Be4 75. d5+ Bxd5 76. Bf2 Rh2 77. Rxb6+ Kc7 78. Rb5 Be4 79. Rxa5 Bxc2 80. Rc5+ Kd6 81. Rxc4 Rh1 82. a5 Ra1 83. Bb6 Ra2 84. Rc8 Kd7 85. Rh8 Kc6 86. Rxh5 Kd5 87. Ke3 Be4 88. Rh8 Rh2 89. a6 Rh3+ 90. Kf2 Rh2+ 91. Kg3 Rg2+ 92. Kh3 Ra2 93. a7 Kc4 94. h5 Ra6 95. Bd4 Kd3 96. Kh4 1-0

[Event "2nd European Youth GP 2017"]
[Site "Jermuk"]
[Date "2017.10.13"]
[Round "9"]
[White "Kacharava, Nikolozi"]
[Black "Pogosyan, Stefan"]
[Result "1-0"]
[ECO "C55"]
[WhiteElo "2206"]
[BlackElo "2368"]
[Annotator "NA"]
[PlyCount "61"]
[EventDate "2017.??.??"]
[EventType "tourn"]
[EventCountry "ARM"]
[SourceTitle "playchess.com"]
[Source "ChessBase"]
[SourceQuality "1"]
[TimeControl "5400+30"]

1. e4 e5 2. Nf3 Nc6 3. Bc4 Nf6 4. d3 Be7 5. O-O O-O 6. Re1 d6 7. a4 Kh8 8. h3 {[%emt 0:00:30] C55: Zweispringerspiel} Ng8 9. Nc3 f5 10. Nd5 fxe4 11. dxe4 Nf6 {[%emt 0:00:36] LiveBook: 5 Games} 12. Ng5 ({Better is} 12. a5 $14) 12... Nxd5 13. Nxh7 $1 Nb6 $2 (13... Rf4 $1 $11 14. Qxd5 Nb4) 14. Nxf8 Nxc4 15. Ng6+ Kh7 {[%emt 0:00:18] [#]} 16. Qh5+ $146 Kg8 17. f4 exf4 18. Qd5+ Kh7 19. Nxe7 Qxe7 20. Qxc4 f3 21. Qf1 (21. gxf3 Qh4 $17) 21... fxg2 22. Qxg2 Qh4 23. Re3 Nd4 24. Kh2 Bd7 25. Rg3 Qf6 26. Bg5 Qe5 27. Rf1 Ne6 28. Bd2 Qh5 29. Rf5 Qe8 30. Bc3 Qe7 31. Bf6 1-0